 Dungeon Crawl Stone Soup version 0.28.0-45-g0d030f2227 (webtiles) character file.

Game seed: 9166398297653587209

914 101zpm the Cudgeller (level 8, -3/48 HPs)
             Began as a Gargoyle Fighter on Apr 10, 2022.
             Slain by a yak (6 damage)
             ... on level 5 of the Dungeon.
             The game lasted 00:05:07 (4817 turns).

101zpm the Cudgeller (Gargoyle Fighter)             Turns: 4817, Time: 00:05:08

Health: -3/48      AC: 14    Str: 22    XL:     8   Next: 9%
Magic:  0/8        EV: 10    Int:  9    God:
Gold:   200        SH:  5    Dex:  9    Spells: 7/7 levels left

rFire   . . .      SeeInvis .   a - +0 flail
rCold   . . .      Faith    .   c - +0 buckler
rNeg    + . .      Spirit   +   b - +0 scale mail
rPois   ∞          Reflect  .   q - +0 helmet
rElec   +          Harm     .   (no cloak)
rCorr   .          Rampage  .   (no gloves)
Will    .....                   (no boots)
Stlth   ..........              o - amulet of guardian spirit
HPRegen 0.16/turn               (no ring)
MPRegen 0.11/turn               (no ring)

@: no status effects
A: sickness immunity, AC +5, negative energy resistance 1, electricity
resistance, torment resistance 1, petrification resistance
a: no special abilities


You were on level 5 of the Dungeon.
You visited 1 branch of the dungeon, and saw 6 of its levels.

You collected 200 gold pieces.

Inventory:

Hand Weapons
 a - a +0 flail (weapon)
Missiles
 n - 64 stones (quivered)
Armour
 b - a +0 scale mail (worn)
 c - a +0 buckler (worn)
 q - a +0 helmet (worn)
Jewellery
 k - a ring of ice
 o - an amulet of guardian spirit (around neck)
 t - the ring "Qaethai" {rF+ rCorr MP+9 Dex-3 SInv}
   (You found it on level 4 of the Dungeon)

   [ring of resist corrosion]

   Dex:       It affects your dexterity (-3).
   rF:        It protects you from fire.
   MP:        It affects your magic capacity (+9).
   SInv:      It lets you see invisible.
   rCorr:     It protects you from acid and corrosion.
 w - an amulet of faith
Wands
 p - a wand of iceblast (6)
 x - a wand of digging (4)
 z - a wand of polymorph (1)
Scrolls
 l - 6 scrolls of identify {unknown}
 m - a scroll of immolation {unknown}
 u - a scroll of brand weapon {unknown}
 v - a scroll of amnesia {unknown}
 y - a scroll of teleportation {unknown}
Potions
 d - a potion of might
 e - 4 potions of cancellation {unknown}
 f - a potion of curing {unknown}
 g - 2 potions of mutation {unknown}
 h - a potion of resistance {unknown}
 i - a potion of degeneration {unknown}
 j - 2 potions of attraction {unknown}
 r - 2 potions of lignification {unknown}
 s - a potion of invisibility {unknown}


   Skills:
 + Level 4.6 Fighting
 + Level 5.9 Maces & Flails
 + Level 5.3 Armour
 + Level 1.8 Dodging
 + Level 0.9 Stealth
 + Level 5.4 Shields
 + Level 0.1 Unarmed Combat


You had 7 spell levels left.
You didn't know any spells.
Your spell library contained the following spells:

 Spells                   Type           Power      Damage    Failure   Level
 Corpse Rot               Necr/Air       0%         N/A       89%         2
 Poisonous Vapours        Pois/Air       0%         N/A       89%         2


Dungeon Overview and Level Annotations

Branches:
Dungeon (6/15)             Temple (0/1) D:4

Altars:
Fedhas
Qazlal
Vehumet

Shops:
D:4 *

Annotations:
D:3 1 runed translucent door, Crazy Yiuf


Innate Abilities, Weirdness & Mutations

You are immune to sickness and miasma.
Your stone body is resilient. (AC +5)
You are immune to poison.
You resist negative energy. (rN+)
You are resistant to electric shocks. (rElec)
You are resistant to unholy torment.
You are immune to petrification.


Message History

You barely miss the yak.
The yak is heavily wounded.
The yak gores you!
You closely miss the yak.
The yak is heavily wounded.
You block the yak's attack.
You closely miss the yak.
The yak is heavily wounded.
You block the yak's attack.
You hit the yak.
The yak is heavily wounded.
The yak barely misses you. You block the yak's attack.
You closely miss the yak.
The yak is heavily wounded.
The yak gores you.
You barely miss the yak.
The yak is heavily wounded.
The yak closely misses you.
You closely miss the yak.
The yak is heavily wounded.
The yak gores you but does no damage.
You sock the yak!
The yak is severely wounded.
The yak gores you.
* * * LOW HITPOINT WARNING * * *
You barely miss the yak.
The yak is heavily wounded.
The yak gores you.
* * * LOW HITPOINT WARNING * * *
You hit the yak but do no damage.
The yak is heavily wounded.
The yak gores you but does no damage.
You sock the yak!
The yak is almost dead.
The yak barely misses you. The yak gores you!
* * * LOW HITPOINT WARNING * * *
You barely miss the yak.
The yak is almost dead.
The yak gores you!
You die...

.###'#### #...# . .#......# .....
.#......# ...... ##......#
....... ##....###
##+#############
#####'########..............#
......#......#..............#
##....'......#..............#
##....#....(.#..@...........#
.#....#......#..Y...........#
.#....#......#..............#
.#....#......#..............#
.#....#......#..............#
##############..............#####
...................######........
...................#....+........
...........#...#...'....#........


You could see a yak.

Vanquished Creatures
  A water moccasin (D:3)
  Duvessa (D:5)
  A necrophage (D:4)
  2 scorpions
  Dowan (D:5)
  A bullfrog zombie (D:5)
  A jelly (D:5)
  An orc priest (D:5)
  2 hounds
  A bullfrog skeleton (D:5)
  2 iguanas
  An orc wizard (D:3)
  2 hound skeletons
  A howler monkey zombie (D:5)
  3 gnolls
  6 adders
  2 worms (D:3)
  3 dart slugs
  9 orcs
  3 bats
  3 endoplasms
  4 giant cockroaches
  7 hobgoblins
  3 jackals (D:2)
  4 ball pythons
  3 frilled lizards
  7 goblins
  6 kobolds
  4 rats (D:1)
85 creatures vanquished.

Vanquished Creatures (others)
  11 plants (D:3)
11 creatures vanquished.

Grand Total: 96 creatures vanquished

Notes
Turn   | Place    | Note
-------+----------+-------------------------------------------
     0 | D:1      | 101zpm the Gargoyle Fighter began the quest for the Orb.
     0 | D:1      | Reached XP level 1. HP: 14/14 MP: 1/1
    39 | D:2      | Found a blossoming altar of Fedhas.
    71 | D:2      | Reached XP level 2. HP: 13/19 MP: 2/2
   356 | D:2      | Found a faded altar of an unknown god.
   537 | D:2      | Reached XP level 3. HP: 24/24 MP: 3/3
  1767 | D:3      | Reached XP level 4. HP: 23/29 MP: 4/4
  1913 | D:3      | Found a stormy altar of Qazlal.
  1915 | D:3      | Noticed a water elemental
  1916 | D:3      | Noticed an earth elemental
  1916 | D:3      | Noticed a fire elemental
  1916 | D:3      | Noticed an air elemental
  1955 | D:3      | Reached XP level 5. HP: 29/33 MP: 5/5
  2567 | D:3      | Found a runed translucent door.
  2568 | D:3      | Noticed Crazy Yiuf
  2900 | D:4      | Found a staircase to the Ecumenical Temple.
  2928 | D:4      | Identified the ring "Qaethai" {rF+ rCorr MP+9 Dex-3 SInv}
  3029 | D:4      | Noticed a necrophage
  3038 | D:4      | Killed a necrophage
  3039 | D:4      | Reached XP level 6. HP: 38/38 MP: 6/6
  3300 | D:4      | Found Sinn's Serpentskin Sales.
  3300 | D:4      | Noticed a water moccasin
  3343 | D:3      | Killed a water moccasin
  3344 | D:3      | Reached skill level 1 in Dodging
  3344 | D:3      | Reached XP level 7. HP: 13/44 MP: 3/7
  3724 | D:5      | Entered Level 5 of the Dungeon
  3740 | D:5      | Reached skill level 5 in Armour
  3854 | D:5      | Found a radiant altar of Vehumet.
  4078 | D:5      | Reached skill level 5 in Maces & Flails
  4177 | D:5      | Reached skill level 5 in Shields
  4347 | D:5      | Noticed Duvessa
  4347 | D:5      | Noticed Dowan
  4357 | D:5      | Killed Duvessa
  4363 | D:5      | Killed Dowan
  4364 | D:5      | Reached XP level 8. HP: 43/48 MP: 6/8
  4796 | D:6      | Noticed a yak
  4796 | D:6      | Noticed a yak
  4796 | D:6      | Noticed a yak
  4796 | D:6      | Noticed a yak
  4797 | D:6      | Noticed a yak
  4817 | D:5      | Slain by a yak

Illustrated notes

Levels and vault maps discovered:
D:1:      scummos_arrival_simple_fountains, layout_rooms, minmay_liquid_box
D:2:      layout_loops_ring, hellmonk_ecumenical_altar_heavens_door,
          basic_altar, minmay_misc_feat_alley
D:3:      layout_basic, nicolae_qazlal_style_of_elements, minivault_4,
          chequers_big_river, uniq_crazy_yiuf_cottage
D:4:      layout_gridville, minmay_temple_entry_tees, guppyfry_shop_venom
D:5:      layout_gridville, vehumet_crystals, hangedman_decor_points,
          uniq_duvessa
D:6:      layout_basic, nicolae_ru_sacrificial_ziggurat,
          mainiacjoe_overflow_catch_the_wave, chequers_serial_rivers_large_b

Skill      XL: |  1  2  3  4  5  6  7 |
---------------+----------------------+-----
Shields        | 4 5 |  5.4
Fighting       | 4 |  4.6
Armour         | 4 5 |  5.3
Maces & Flails | 3 4 5 |  5.9
Dodging        | 1 |  1.8
Stealth        | |  0.9
Unarmed Combat | |  0.1

Action                   |  1- 3 |  4- 6 |  7- 9 || total
-------------------------+-------+-------+-------++-------
Melee: Flail             |   138 |   135 |   122 ||   395
       Unarmed           |       |       |     9 ||     9
Armor: Scale mail        |    79 |   103 |    57 ||   239
Dodge: Dodged            |    79 |    82 |    55 ||   216
Block: Buckler           |    24 |    43 |    29 ||    96
